AoeStats
← 黑森林第一巴图鲁

Arena

510100593Analyzed
2v2 RM · 2d ago on Sep 29, 2026· 18m 57s· 4 players
Game mode
Random Map
Map size
Medium (4 player)
Population
200
Speed
Normal
Resources
Standard
Victory
Conquest
Starting age
Dark Age
Ending age
Imperial Age
RankedLock teamsTeams togetherTeam positionsShared explorationLock speedFull tech treeHidden civsTurbo modeCheats
Victory
Defeat
🇮🇳 Khmer · India
706
+18
692
+18
🇩🇪 Bulgarians · Germany
752
-18
🇩🇪 Bulgarians · Germany
746
-18
Assistant Boyfriend
0:30 Loom
13:55 Feudal Age
14:24 Horse Collar
14:35 Gold Mining
14:35 Stone Mining
14:34 Double-Bit Axe
20:50 Castle Age
黑森林第一巴图鲁
0:36 Loom
11:52 Feudal Age
12:47 Double-Bit Axe
13:41 Wheelbarrow
13:04 Horse Collar
19:53 Castle Age
Psammodromus
honigtopf
Connection lost

Rejoining the realm…

Still unreachable

The connection could not be restored.

Session expired

The server has moved on; the page needs a fresh start.